 Dungeon Crawl Stone Soup version 0.29-a0-284-gf9362112df (webtiles) character file.

Game seed: 3058043444409286844

236 being54 the Sneak (level 5, -1/41 HPs)
             Began as a Demonspawn Brigand on Mar 16, 2022.
             Slain by an orc
             ... wielding a +0 club
              (4 damage)
             ... on level 4 of the Dungeon.
             The game lasted 00:06:48 (3670 turns).

being54 the Sneak (Demonspawn Brigand)              Turns: 3670, Time: 00:06:48

Health: -1/41      AC:  3    Str: 11    XL:     5   Next: 77%
Magic:  5/5        EV: 12    Int: 19    God:
Gold:   103        SH:  4    Dex: 16    Spells: 4/4 levels left

rFire   . . .      SeeInvis +   a - +2 dagger
rCold   . . .      Faith    .   (no shield)
rNeg    . . .      Spirit   .   b - +0 robe
rPois   .          Reflect  .   u - +0 helmet
rElec   .          Harm     .   y - scarf {shadows}
rCorr   .          Rampage  .   (no gloves)
Will    .....                   (no boots)
Stlth   +++.......              (no amulet)
HPRegen 0.13/turn               k - +6 ring of intelligence
MPRegen 0.09/turn               s - ring of see invisible

@: no status effects
A: large bone plates 1, demonic touch 1
a: no special abilities


You were on level 4 of the Dungeon.
You visited 1 branch of the dungeon, and saw 4 of its levels.

You collected 103 gold pieces.

Inventory:

Hand Weapons
 a - a +2 dagger (weapon)
Missiles
 d - 14 poisoned darts (quivered)
 e - 3 curare-tipped darts
Armour
 b - a +0 robe (worn)
 u - a +0 helmet (worn)
 y - a scarf of shadows (worn)
Jewellery
 k - a +6 ring of intelligence (left hand)
 s - a ring of see invisible (right hand)
Scrolls
 g - 2 scrolls of magic mapping {unknown}
 h - a scroll of noise {unknown}
 j - a scroll of fear {unknown}
 l - a scroll of enchant armour {unknown}
 m - 2 scrolls of identify {unknown}
 p - a scroll of immolation {unknown}
 r - a scroll of amnesia {unknown}
 t - a scroll of teleportation {unknown}
Potions
 f - 5 potions of cancellation {unknown}
 i - a potion of mutation {unknown}
 n - a potion of degeneration {unknown}
 q - a potion of curing {unknown}
 z - a potion of might {unknown}
 A - 2 potions of haste {unknown}


   Skills:
 + Level 3.2 Fighting
 + Level 3.2 Short Blades
 + Level 1.9 Throwing
 * Level 1.2 Dodging
 * Level 5.4 Stealth


You had 4 spell levels left.
You didn't know any spells.
Your spell library contained the following spells:

 Spells                   Type           Power      Damage    Failure   Level
 Blade Hands              Tmut           0%         N/A       99%         5
 Irradiate                Conj/Tmut      0%         3d13      99%         5
 Dragon Form              Tmut           0%         N/A       100%        7


Dungeon Overview and Level Annotations

Branches:
Dungeon (4/15)
 Temple: D:4-7

Altars:

Shops:
D:1 (


Innate Abilities, Weirdness & Mutations

You are partially covered in large bone plates. (SH +4)
Your touch may inflict minor irresistible damage on your foes.


Message History

The orc misses you.
You barely miss the orc wizard. You block the orc's attack.
The orc wizard hits you with a +0 dagger.
You hit the orc wizard.
The orc wizard is lightly wounded.
The orc wizard misses you. The orc hits you with a +0 short sword.
You barely miss the orc wizard.
The orc wizard is lightly wounded.
You block the orc's attack.
The orc wizard gestures at you while chanting.
You resist with some effort. The orc hits you with a +0 short sword.
You are too injured to fight recklessly!
You hit the orc wizard.
The orc wizard is moderately wounded.
You closely miss the orc wizard.
The orc wizard is moderately wounded.
The orc hits you with a +0 club.
The orc wizard points at you and mumbles some strange words.
The puff of flame hits you!
* * * LOW HITPOINT WARNING * * *
The orc closely misses you. The orc attacks as you move away!
The orc hits you with a +0 club.
* * * LOW HITPOINT WARNING * * *
You hit the orc wizard.
You touch the orc wizard.
The orc wizard is severely wounded.
You hit the orc.
You touch the orc.
The orc is severely wounded.
You barely miss the orc.
The orc is severely wounded.
You closely miss the orc. You hit the orc but do no damage.
The orc hits you with a +0 club.
* * * LOW HITPOINT WARNING * * *
The orc misses you. The orc attacks as you move away!
You block the orc's attack.
The orc wizard casts a spell.
The orc wizard flickers and vanishes for a moment.
The orc hits you with a +0 short sword.
* * * LOW HITPOINT WARNING * * *
The orc attacks as you move away! The orc hits you with a +0 club.
You die...

..##########.#.#
...............#
...#########...# ...#
......#...# ...#
......#...# ...#
......#...# .#.#
......#...#
.#.##......#...########
..........)..ooo@......
.#.##......#...#######.
.#.# ......#...# .# #
#######...# .# #...# .#
#...# .# #..$#


You could see an orc wizard (invisible) and 2 orcs.

Vanquished Creatures
  Natasha (thrice) (D:2)
  An orc wizard (D:3)
  Robin (D:3)
  2 adders
  2 worms
  4 dart slugs
  7 orcs
  2 ball pythons
  6 endoplasms
  5 giant cockroaches
  18 goblins
  13 hobgoblins
  3 jackals (D:3)
  A quokka (D:1)
  3 bats
  2 frilled lizards
  6 kobolds
  2 rats
81 creatures vanquished.

Notes
Turn   | Place    | Note
-------+----------+-------------------------------------------
     0 | D:1      | being54 the Demonspawn Brigand began the quest for the Orb.
     0 | D:1      | Reached XP level 1. HP: 16/16 MP: 1/1
   323 | D:1      | Found a faded altar of an unknown god.
   337 | D:1      | Reached skill level 4 in Stealth
   347 | D:1      | Gained mutation: Your touch may inflict minor irresistible
                  | damage on your foes. [demonic ancestry]
   347 | D:1      | Reached XP level 2. HP: 22/22 MP: 2/2
   797 | D:2      | Noticed Natasha
   804 | D:2      | Killed Natasha
   805 | D:2      | Reached skill level 1 in Dodging
   805 | D:2      | Reached XP level 3. HP: 27/27 MP: 3/3
  1178 | D:1      | Found Tuosuakosi's Weapon Shoppe.
  1574 | D:2      | Noticed Natasha
  1580 | D:2      | Killed Natasha
  1581 | D:2      | Reached XP level 4. HP: 18/33 MP: 4/4
  2531 | D:2      | Noticed Natasha
  2535 | D:2      | Killed Natasha
  2751 | D:3      | Reached skill level 5 in Stealth
  2751 | D:3      | Gained mutation: You are partially covered in large bone
                  | plates. (SH +4) [demonic ancestry]
  2751 | D:3      | Reached XP level 5. HP: 41/41 MP: 5/5
  3211 | D:3      | Noticed Robin
  3279 | D:3      | Killed Robin
  3670 | D:4      | Slain by an orc

Illustrated notes

Levels and vault maps discovered:
D:1:      dpeg_arrival_court, layout_basic,
          dreamdust_ecumenical_altar_angels_and_demons, serial_shops, shop
D:2:      layout_basic, hex_large, uniq_natasha
D:3:      layout_loops_ring, uniq_robin
D:4:      layout_basic, kennysheep_potato, uniq_blork_the_orc

Skill      XL: |  1  2  3  4  5 |
---------------+----------------+-----
Stealth        | 4 5 |  5.4
Short Blades   | 2 3 |  3.2
Dodging        | 1 |  1.2
Fighting       | 3 |  3.2
Throwing       | |  1.9

Action                   |  1- 3 |  4- 6 || total
-------------------------+-------+-------++-------
Melee: Dagger            |    69 |   138 ||   207
       Touch             |     8 |    33 ||    41
 Stab: Sleeping          |    15 |    11 ||    26
Armor: Robe              |     9 |    17 ||    26
Dodge: Dodged            |    23 |    48 ||    71
Block: Other             |       |    18 ||    18

Table legend: (Time is in decaauts)
 A = Elapsed time spent in this place.
 B = Non-inter-level travel time spent in this place.
 C = Inter-level travel time spent in this place.
 D = Time resting spent in this place.
 E = Time spent auto-exploring this place.
 F = Levels seen in this place.
 G = Mean time per level.
                   A        B        C        D        E       F      G
               +--------+--------+--------+--------+--------+-----+--------+
         Total |   3641 |   3304 |    337 |    399 |   2376 |   4 |  910.2 |
       Dungeon |   3641 |   3304 |    337 |    399 |   2376 |   4 |  910.2 |
               +--------+--------+--------+--------+--------+-----+--------+

Top non-repeatable levels by time:
     D:2: 1302 daAuts
     D:1: 1299 daAuts
     D:3: 870 daAuts
     D:4: 169 daAuts
